 Dungeon Crawl Stone Soup version 0.30.0-29-ga12c61a403 (webtiles) character file.

Game seed: 6166072655892073286

13944 DarkStove1 the Severer (level 12, -20/108 HPs)
             Began as a Hill Orc Fighter on June 7, 2023.
             Was an Initiate of Yredelemnul.
             Demolished by a white ugly thing (29 damage)
             ... on level 11 of the Dungeon.
             The game lasted 00:28:07 (11415 turns).

DarkStove1 the Severer (Hill Orc Fighter)          Turns: 11415, Time: 00:28:07

Health: -20/108    AC: 19    Str: 22    XL:     12   Next: 11%
Magic:  12/12      EV:  7    Int:  8    God:    Yredelemnul [......]
Gold:   563        SH: 11    Dex: 12    Spells: 11/11 levels left

rFire   . . .        B - +3 war axe (spect)
rCold   . . .        c - +0 buckler
rNeg    + . .        t - +0 plate armour
rPois   .            (no helmet)
rElec   .            C - +2 cloak
rCorr   +            r - +0 pair of gloves
SInv    .            (no boots)
Will    .....        o - amulet of reflection Stlth
                     s - ring of resist corrosion
HPRegen 0.38/turn    m - ring of positive energy
MPRegen 0.13/turn

%: reflection
@: studying Summonings
A: no striking features
a: Renounce Religion, Recall Undead Harvest


You were on level 11 of the Dungeon.
You worshipped Yredelemnul.
Yredelemnul was noncommittal.
You visited 1 branch of the dungeon, and saw 12 of its levels.

You collected 563 gold pieces.

Inventory:

Hand Weapons
 B - a +3 spectral war axe (weapon)
 F - the +4 hand axe "Sifihuz" {pain, +Blink rPois Int+4 Dex-4}
   (You found it on level 9 of the Dungeon)

   Int:       It affects your intelligence (+4).
   Dex:       It affects your dexterity (-4).
   rPois:     It protects you from poison.
   +Blink:    It lets you blink.
Missiles
 g - a throwing net (quivered)
Armour
 c - a +0 buckler (worn)
 r - a +0 pair of gloves (worn)
 t - a +0 plate armour (worn)
 C - a +2 cloak (worn)
Jewellery
 l - a ring of ice
 m - a ring of positive energy (right hand)
 o - an amulet of reflection (around neck)
 s - a ring of resist corrosion (left hand)
 D - a ring of poison resistance
 H - a +6 ring of strength
Wands
 b - a wand of flame (46)
 d - a wand of digging (5)
 f - a wand of paralysis (19)
 j - a wand of polymorph (9)
 p - a wand of roots (15)
Scrolls
 x - 6 scrolls of teleportation
 y - 3 scrolls of magic mapping
 A - a scroll of fear
Potions
 a - a potion of might
 e - 4 potions of attraction
 h - a potion of invisibility
 i - 2 potions of curing
 k - a potion of mutation {unknown}
 n - a potion of experience {unknown}
 q - 2 potions of flight {unknown}
 u - 2 potions of ambrosia
 v - a potion of berserk rage
 w - a potion of brilliance {unknown}
 z - a potion of resistance
 E - a potion of cancellation {unknown}


   Skills:
 + Level 10.8 Fighting
 + Level 15.5 Axes
 + Level 10.4 Armour
 + Level 1.5 Dodging
 + Level 1.7 Stealth
 + Level 9.4 Shields
 + Level 1.4 Evocations


You had 11 spell levels left.
You didn't know any spells.
Your spell library contained the following spells:

 Spells                   Type           Power      Damage    Failure   Level
 Apportation              Tloc           0%         N/A       100%        1
 Freeze                   Ice            0%         1d3       100%        1
 Sandblast                Erth           0%         2d4       100%        1
 Passwall                 Tmut/Erth      0%         N/A       100%        2
 Poisonous Vapours        Pois/Air       0%         N/A       100%        2
 Frozen Ramparts          Ice            0%         1d1       100%        3
 Mephitic Cloud           Conj/Pois/Air  0%         N/A       100%        3
 Ozocubu's Armour         Ice            0%         N/A       100%        3
 Stone Arrow              Conj/Erth      0%         3d7       100%        3
 Alistair's Intoxication  Tmut/Pois      0%         N/A       100%        5
 Freezing Cloud           Conj/Ice/Air   0%         6-21      100%        5


Dungeon Overview and Level Annotations

Branches:
Dungeon (12/15)            Temple (0/1) D:6
   Lair: D:8-11         Orc: D:9-12

Altars:
Cheibriados
Hepliaklqana
Kikubaaqudgha
Qazlal
Ru
Uskayaw
Yredelemnul
The Shining One

Shops:
D:3 :

Annotations:
D:10 2 runed translucent doors, BONEBRO's ghost, journeyman MiFi


Message History

The white ugly thing is lightly wounded.
You block the white ugly thing's attack.
You barely miss the white ugly thing.
The white ugly thing is lightly wounded.
You block the white ugly thing's attack.
You slash the white ugly thing!
The white ugly thing is moderately wounded.
You slice the white ugly thing!!
The white ugly thing is heavily wounded.
You block the white ugly thing's attack.
You hit the white ugly thing.
The white ugly thing is heavily wounded.
The white ugly thing stings you but does no damage.
You slash the white ugly thing!
The white ugly thing is severely wounded.
You hit the white ugly thing but do no damage.
The white ugly thing is severely wounded.
The white ugly thing stings you but does no damage.
You hit the white ugly thing.
The white ugly thing is severely wounded.
The white ugly thing stings you. The white ugly thing freezes you!!
* * * LOW HITPOINT WARNING * * *
You feel better.
The white ugly thing stings you but does no damage.
Aiming: Paralyse
Press: ? - help, Shift-Dir - straight line, f - white ugly thing
Aim: a white ugly thing (severely wounded, chance to affect: 35%)
The white ugly thing easily resists.
You block the white ugly thing's attack.
A white ugly thing is nearby!
Aiming: Throw Flame
Press: ? - help, Shift-Dir - straight line, f/p - white ugly thing
Aim: a white ugly thing (severely wounded, 71% to hit)
The puff of flame hits the white ugly thing!
The white ugly thing is almost dead.
The white ugly thing stings you.
* * * LOW HITPOINT WARNING * * *
The white ugly thing freezes you!!
You die...
Your body rises from the dead as a mindless zombie.

######## ##......##
##..#.....##########.
#...#.....#.@u.......
##.#.......#.###.#####
####..###.....#.# #
.....## #.....#.#
###..##########.#
#..............#
#####.##########
####..........#
#..#..........#


You could see a white ugly thing.

Vanquished Creatures
  The ghost of benadryl the Thaumaturge, a journeyman DjIE of Ashenzari (D:7)
  A two-headed ogre (D:10)
  Pikel (D:7)
  A deep elf zephyrmancer (D:7)
  A manticore (D:11)
  Joseph (D:7)
  2 unseen horror zombies (D:8)
  A gargoyle (D:8)
  3 kobold demonologists
  A komodo dragon (D:10)
  3 trolls
  A vampire (D:9)
  Sigmund (D:6)
  9 yaks
  2 wraiths
  3 wyverns
  A steam dragon (D:9)
  Menkaure (D:7)
  Edmund (D:5)
  3 water moccasins
  An orc warrior (D:9)
  A black bear (D:7)
  An ice beast (D:5)
  3 centaurs
  3 ogres
  3 lemures
  A kobold brigand (D:11)
  Blork the orc (D:6)
  3 bullfrogs
  20 wights
  20 killer bees
  4 howler monkeys
  6 centaur zombies (D:8)
  3 hounds
  2 orc priests (D:5)
  Crazy Yiuf (D:7)
  A sleepcap (D:8)
  An iguana (D:7)
  5 orc wizards
  Natasha (thrice) (D:3)
  Ijyb (D:3)
  A howler monkey zombie (D:8)
  4 gnolls (D:2)
  14 adders
  3 white imps
  2 ufetubi
  5 worms
  3 dart slugs
  20 orcs
  3 ball pythons (D:2)
  5 endoplasms
  A giant cockroach (D:3)
  13 goblins
  15 hobgoblins
  7 quokkas
  A bat (D:2)
  3 frilled lizards
  14 kobolds
  3 rats
239 creatures vanquished.

Vanquished Creatures (collateral kills)
  Amaemon (D:10)
  An orange demon (D:10)
  4 yaks (D:9)
  2 wights (D:9)
  A killer bee (D:9)
9 creatures vanquished.

Vanquished Creatures (others)
  A centaur zombie (D:9)
  4 killer bee zombies
5 creatures vanquished.

Grand Total: 253 creatures vanquished

Notes
Turn   | Place    | Note
-------+----------+-------------------------------------------
     0 | D:1      | DarkStove1 the Hill Orc Fighter began the quest for the
                  | Orb.
     0 | D:1      | Reached XP level 1. HP: 19/19 MP: 1/1
   240 | D:1      | Reached XP level 2. HP: 27/27 MP: 2/2
   507 | D:2      | Reached skill level 3 in Axes
   507 | D:2      | Reached XP level 3. HP: 33/33 MP: 3/3
   585 | D:2      | Reached XP level 4. HP: 5/41 MP: 4/4
   945 | D:2      | Reached skill level 4 in Axes
  1541 | D:2      | Reached XP level 5. HP: 47/47 MP: 5/5
  1945 | D:3      | Noticed Natasha
  1949 | D:3      | Killed Natasha
  1959 | D:3      | Noticed Ijyb
  1959 | D:3      | Paralysed by Ijyb for 2 turns
  1964 | D:3      | Killed Ijyb
  1965 | D:3      | Reached skill level 5 in Axes
  2217 | D:3      | Noticed Natasha
  2231 | D:3      | Killed Natasha
  2375 | D:3      | Found Saacuc's Book Shop.
  2422 | D:3      | Noticed Natasha
  2427 | D:3      | Killed Natasha
  2428 | D:3      | Reached skill level 5 in Fighting
  2428 | D:3      | Reached XP level 6. HP: 51/56 MP: 6/6
  3253 | D:4      | Found a stormy altar of Qazlal.
  3682 | D:5      | Entered Level 5 of the Dungeon
  3781 | D:5      | Found a sacrificial altar of Ru.
  3802 | D:5      | Reached skill level 6 in Axes
  3919 | D:5      | Noticed Edmund
  3928 | D:5      | Killed Edmund
  3929 | D:5      | Reached skill level 5 in Armour
  3929 | D:5      | Reached XP level 7. HP: 59/61 MP: 7/7
  3977 | D:5      | Reached skill level 7 in Axes
  4624 | D:5      | Found a glowing golden altar of the Shining One.
  4764 | D:5      | Reached XP level 8. HP: 52/70 MP: 8/8
  4932 | D:5      | Reached skill level 8 in Axes
  5108 | D:6      | Reached skill level 1 in Evocations
  5210 | D:6      | Noticed Sigmund
  5427 | D:6      | Killed Sigmund
  5428 | D:6      | Reached skill level 5 in Shields
  5579 | D:6      | Reached skill level 9 in Axes
  5627 | D:6      | Noticed Blork the orc
  5642 | D:6      | Killed Blork the orc
  6097 | D:6      | Found a hide-covered altar of Uskayaw.
  6150 | D:6      | Found a staircase to the Ecumenical Temple.
  6171 | D:7      | Noticed Menkaure
  6172 | D:7      | Noticed Joseph
  6172 | D:7      | Noticed a yak
  6185 | D:6      | HP: 1/73 [ogre/+0 giant club (30)]
  6187 | D:6      | Reached XP level 9. HP: 1/79 MP: 9/9
  6432 | D:7      | Killed Menkaure
  6433 | D:7      | Reached skill level 10 in Axes
  6462 | D:7      | Killed Joseph
  6714 | D:7      | Reached skill level 11 in Axes
  6769 | D:7      | Reached skill level 1 in Dodging
  6778 | D:7      | Noticed Pikel
  6912 | D:7      | Killed Pikel
  6913 | D:7      | Reached skill level 12 in Axes
  6913 | D:7      | Reached XP level 10. HP: 51/89 MP: 10/10
  7071 | D:7      | Noticed a deep elf zephyrmancer
  7085 | D:7      | Killed a deep elf zephyrmancer
  7184 | D:7      | Identified the +2 ring mail of Repulsion {Int+3 Slay-4
                  | Stlth+}
  7362 | D:7      | Reached skill level 13 in Axes
  7558 | D:7      | Found a runed translucent gate.
  7558 | D:7      | Found a runed translucent gate.
  7559 | D:7      | Found a runed translucent gate.
  7561 | D:7      | Noticed benadryl's ghost (journeyman DjIE)
  7575 | D:7      | Killed benadryl's ghost
  7645 | D:7      | Found a runed translucent door.
  7646 | D:7      | Noticed Crazy Yiuf
  7869 | D:7      | Killed Crazy Yiuf
  8208 | D:8      | Reached skill level 14 in Axes
  8266 | D:8      | Reached XP level 11. HP: 91/97 MP: 11/11
  8327 | D:8      | Found a snail-covered altar of Cheibriados.
  8327 | D:8      | Found a hazy altar of Hepliaklqana.
  8328 | D:8      | Found a basalt altar of Yredelemnul.
  8341 | D:8      | Became a worshipper of Yredelemnul the Dark
  8517 | D:8      | Found an ancient bone altar of Kikubaaqudgha.
  9032 | D:9      | Reached * piety under Yredelemnul
  9040 | D:9      | Reached ** piety under Yredelemnul
  9107 | D:9      | Reached *** piety under Yredelemnul
  9234 | D:9      | Identified the +4 hand axe "Sifihuz" {pain, +Blink rPois
                  | Int+4 Dex-4}
  9305 | D:9      | Reached **** piety under Yredelemnul
  9465 | D:9      | Reached skill level 10 in Fighting
  9652 | D:9      | Reached ***** piety under Yredelemnul
  9769 | D:10     | Entered Level 10 of the Dungeon
 10031 | D:10     | Found a runed translucent door.
 10033 | D:10     | Found a runed translucent door.
 10135 | D:10     | Noticed a necromancer
 10135 | D:10     | Noticed a deep elf archer
 10136 | D:10     | Noticed a lich
 10137 | D:10     | Noticed an orc knight
 10137 | D:10     | Noticed a skeletal warrior
 10137 | D:10     | Noticed a skeletal warrior
 10137 | D:10     | Noticed BONEBRO's ghost (journeyman MiFi)
 10138 | D:10     | Noticed a deep troll
 10371 | D:10     | Noticed a two-headed ogre
 10380 | D:10     | Killed a two-headed ogre
 10490 | D:10     | Reached skill level 15 in Axes
 10636 | D:10     | Noticed Amaemon
 10648 | D:10     | Killed Amaemon
 10649 | D:10     | Reached skill level 1 in Stealth
 10650 | D:10     | Reached skill level 10 in Armour
 11016 | D:11     | Noticed a manticore
 11023 | D:11     | Killed a manticore
 11159 | D:11     | Reached XP level 12. HP: 104/108 MP: 12/12
 11160 | D:11     | Noticed a sun demon
 11280 | D:11     | Got the Guide on Snow
 11415 | D:11     | Demolished by a white ugly thing

Illustrated notes

Levels and vault maps discovered:
D:1:      erik_arrival_blinker_ship, layout_basic, grunt_decor_junction,
          minmay_gold_behind_fungi, minmay_misc_feat_chi, hangedman_glass_teeth,
          minmay_tromino_i2
D:2:      minmay_thinvault, layout_loops_cross, minmay_misc_feat_cross,
          roderic_nine_men_s_morris
D:3:      minmay_general_purpose_star, layout_loops_ring, serial_shops, shop,
          uniq_ijyb, uniq_natasha
D:4:      layout_loops_ring, amcnicky_altar_gilded
D:5:      kennysheep_six_static_rooms, layout_layer_cave, kennysheep_mini_moat,
          nicolae_overflow_crystal_walls, kennysheep_generic_room_5, uniq_edmund
D:6:      layout_basic, kennysheep_little_box,
          minmay_temple_entry_drinking_statues, uniq_blork_the_orc, uniq_sigmund
D:7:      layout_basic, ebering_ghost_rock_garden, enter_bailey_4,
          guppyfry_early_elven_hall, uniq_joseph, uniq_crazy_yiuf_cottage,
          uniq_menkaure, uniq_pikel
D:8:      layout_basic, gammafunk_temple_overflow_claw,
          mainiacjoe_overflow_tiny_flanked, serial_undead, serial_undead_c,
          serial_undead_e, serial_undead_b, serial_undead_e, serial_undead_d
D:9:      layout_roguey, roderic_lattice_a, evilmike_butchery
D:10:     layout_cave_pods, muffindrake_ghost_dual_entry, moated_statue,
          uniq_amaemon
D:11:     layout_basic, david_lair_shrubbed, david_orc_5,
          serial_co_window_serial, co_window_corner_a, co_window_corner_a,
          co_window_of_opportunity_a, co_window_cross_1,
          co_window_of_opportunity_a, co_window_corner_b, co_window_cross_3,
          co_window_corner_b, co_window_unsneaky_path_c, co_window_broadway_c,
          co_window_broadway_a, co_window_2corner
D:12:     minmay_the_grid_triangle_9x9_recursive_2
          [minmay_the_grid_triangle_9x9_prize_top_heavy,
          minmay_the_grid_triangle_9x9_intruding_spiral,
          minmay_the_grid_triangle_9x9_checkered,
          minmay_the_grid_triangle_9x9_impossible_snake], layout_loops_corners

Skill      XL: |  1  2  3  4  5  6  7  8  9 10 11 |
---------------+----------------------------------+-----
Fighting       | 4 5 6 7 8 9 10 | 10.8
Axes           | 3 4 5 6 7 9 12 14 15 | 15.5
Armour         | 4 5 6 7 8 10 | 10.4
Shields        | 4 5 6 7 9 |  9.4
Evocations     | 1 |  1.4
Dodging        | 1 |  1.5
Stealth        | 1 |  1.7

Action                     |  1- 3 |  4- 6 |  7- 9 | 10-12 || total
---------------------------+-------+-------+-------+-------++-------
  Melee: War axe           |    66 |   188 |   261 |   270 ||   785
         Hand axe          |       |       |       |    88 ||    88
  Throw: Throwing net      |       |       |     1 |       ||     1
 Invoke: Recall Undead Har |       |       |       |     1 ||     1
Ability: Evoke Blink       |       |       |       |     1 ||     1
  Evoke: Wand              |       |     2 |     2 |     2 ||     6
    Use: Scroll            |       |     7 |     3 |     7 ||    17
         Potion            |       |       |     2 |     1 ||     3
   Stab: Distracted        |       |       |       |     4 ||     4
 Armour: Scale mail        |    22 |    10 |       |       ||    32
         Chain mail        |       |    87 |       |       ||    87
         Plate armour      |       |     1 |   108 |   218 ||   327
  Dodge: Dodged            |    40 |    73 |    50 |   127 ||   290
  Block: Buckler           |    12 |    49 |   103 |   242 ||   406
         Reflection        |       |       |     2 |     9 ||    11
